 Dungeon Crawl Stone Soup version 0.29-a0-72-g1732ff48e7 (webtiles) character file.

Game seed: 4904175870276371704

420 bande the Covered (level 6, -2/39 HPs)
             Began as a Gargoyle Fighter on Feb 4, 2022.
             Was an Initiate of Okawaru.
             Slain by a water moccasin (6 damage)
             ... on level 5 of the Dungeon.
             The game lasted 00:07:47 (3907 turns).

bande the Covered (Gargoyle Fighter)                Turns: 3907, Time: 00:07:48

Health: -2/39      AC: 11    Str: 18    XL:     6   Next: 94%
Magic:  6/6        EV:  9    Int:  8    God:    Okawaru [......]
Gold:   120        SH:  4    Dex: 11    Spells: 5/5 levels left

rFire   . . .      SeeInvis .   a - +0 war axe (venom)
rCold   . . .      Faith    .   c - +0 buckler
rNeg    + . .      Spirit   .   b - +0 scale mail
rPois   ∞          Reflect  .   (no helmet)
rElec   +          Harm     .   (no cloak)
rCorr   .          Rampage  .   (no gloves)
Will    .....                   (no boots)
Stlth   ..........              (no amulet)
HPRegen 0.13/turn               (no ring)
MPRegen 0.10/turn               (no ring)

@: no status effects
A: sickness immunity, AC +4, negative energy resistance 1, electricity
resistance, torment resistance 1, petrification resistance, low MP 1, weak 1
a: Renounce Religion


You were on level 5 of the Dungeon.
You worshipped Okawaru.
Okawaru was noncommittal.
You visited 2 branches of the dungeon, and saw 6 of its levels.

You collected 120 gold pieces.

Inventory:

Hand Weapons
 a - a +0 war axe of venom (weapon)
 n - a +0 flail
Armour
 b - a +0 scale mail (worn)
 c - a +0 buckler (worn)
Wands
 k - a wand of paralysis (6)
Scrolls
 e - a scroll of amnesia
Potions
 d - a potion of might
 f - a potion of magic
 h - 3 potions of attraction {unknown}
 i - 3 potions of curing {unknown}
 j - 2 potions of heal wounds {unknown}
 l - a potion of invisibility {unknown}


   Skills:
 + Level 4.5 Fighting
 + Level 4.2 Axes
 + Level 4.6 Armour
 - Level 0.2 Stealth
 + Level 4.0 Shields
 * Level 0.9 Invocations
 * Level 2.0 Evocations


You had 5 spell levels left.
You didn't know any spells.
Your spell library contained the following spells:

 Spells                   Type           Power      Damage    Failure   Level
 Pain                     Necr           0%         1d4       86%         1
 Agony                    Necr           0%         N/A       100%        5
 Excruciating Wounds      Necr           0%         N/A       100%        5


Dungeon Overview and Level Annotations

Branches:
Dungeon (5/15)             Temple (1/1) D:4

Altars:
Ashenzari
Elyvilon
Fedhas
Gozag
Hepliaklqana
Kikubaaqudgha
Makhleb
Okawaru
Ru
Sif Muna
Trog
Uskayaw
Vehumet
Wu Jian
Xom
Yredelemnul
Zin
The Shining One


Innate Abilities, Weirdness & Mutations

You are immune to sickness and miasma.
Your stone body is resilient. (AC +4)
You are immune to poison.
You resist negative energy. (rN+)
You are resistant to electric shocks. (rElec)
You are resistant to unholy torment.
You are immune to petrification.
Your magical capacity is low. (-10% MP)
You are weak. (Str -2)


Message History

The orc priest begins to cast a cantrip, but forgets the words!
You barely miss the orc priest. You closely miss the orc.
The orc hits you with a +0 club. The orc priest barely misses you.
You barely miss the orc priest. You slash the orc!
You kill the orc!
Okawaru accepts your kill.
You closely miss the orc. You block the orc's attack.
The orc priest hits you with a +0 falchion.
The water moccasin bites you but does no damage.
You miss the water moccasin.
You hit the orc priest but do no damage.
The orc priest is poisoned.
You barely miss the orc. You block the orc's attack.
The orc priest completely misses you. You block the water moccasin's attack.
The orc hits you with a +0 club.
The water moccasin bites you but does no damage.
You barely miss the water moccasin. You hit the orc.
The orc is poisoned.
You barely miss the orc.
You kill the orc!
Okawaru accepts your kill. The water moccasin bites you!
The orc hits you with a +0 club.
You completely miss the orc priest.
The orc priest is lightly wounded.
You hit the orc.
The orc is poisoned.
You slash the water moccasin!
The water moccasin bites you but does no damage.
You block the orc's attack. The water moccasin bites you.
The orc priest mumbles some strange prayers to Beogh against you.
Beogh smites you!
* * * LOW HITPOINT WARNING * * *
You completely miss the orc priest.
The orc priest is lightly wounded.
You barely miss the orc. You closely miss the water moccasin.
The orc priest looks more healthy.
You kill the orc!
Okawaru accepts your kill. You block the water moccasin's attack.
You block the orc priest's attack. The water moccasin barely misses you.
You completely miss the orc priest.
The orc priest is moderately wounded.
You closely miss the water moccasin. The water moccasin bites you.
You die...

#........# ..
##.......# #..........
#.......## #..........
#(.......####..........
##...##................
#......................
..#...$................
#######........)S......
#..†....#@o....#
#........###...#
##........# ...
#.[.......... .
#............(
#..........###
#.........##
#.........# #..........


You could see a water moccasin and an orc priest.

Vanquished Creatures
  A scorpion (D:5)
  A water moccasin skeleton (D:5)
  A crimson imp (D:4)
  A centaur skeleton (D:4)
  A hound (D:4)
  Jessica (D:3)
  5 adders
  4 gnolls
  A howler monkey skeleton (D:2)
  An ufetubus (D:5)
  An adder skeleton (D:4)
  A worm (D:2)
  4 dart slugs
  3 orcs (D:5)
  4 ball pythons
  4 bats
  9 endoplasms
  4 giant cockroaches (D:2)
  10 goblins
  7 hobgoblins
  4 jackals (D:3)
  3 quokkas
  2 frilled lizards
  3 kobolds
  9 rats
85 creatures vanquished.

Notes
Turn   | Place    | Note
-------+----------+-------------------------------------------
     0 | D:1      | bande the Gargoyle Fighter began the quest for the Orb.
     0 | D:1      | Reached XP level 1. HP: 14/14 MP: 1/1
   400 | D:1      | Reached XP level 2. HP: 19/19 MP: 2/2
  1002 | D:2      | Reached XP level 3. HP: 23/23 MP: 3/3
  1222 | D:2      | Found a hazy altar of Hepliaklqana.
  1223 | D:2      | Found a faded altar of an unknown god.
  1325 | D:2      | Reached XP level 4. HP: 29/29 MP: 4/4
  2115 | D:2      | Reached XP level 5. HP: 33/33 MP: 5/5
  2204 | D:2      | Reached skill level 1 in Evocations
  2367 | D:3      | Noticed Jessica
  2370 | D:3      | Killed Jessica
  2775 | D:4      | Gained mutation: You have a pair of small horns on your
                  | head. [potion of mutation]
  2775 | D:4      | Gained mutation: You expend magic power (3 MP) to
                  | strengthen your wands. [potion of mutation]
  2776 | D:4      | Lost mutation: You have a pair of small horns on your head.
                  | [potion of mutation]
  2776 | D:4      | Lost mutation: You expend magic power (3 MP) to strengthen
                  | your wands. [potion of mutation]
  2776 | D:4      | Gained mutation: You tend to lose your temper in combat.
                  | [potion of mutation]
  2777 | D:4      | Lost mutation: You tend to lose your temper in combat.
                  | [potion of mutation]
  2777 | D:4      | Gained mutation: You are weak. (Str -2) [potion of
                  | mutation]
  2777 | D:4      | Gained mutation: Your magical capacity is low. (-10% MP)
                  | [potion of mutation]
  2800 | D:4      | Reached XP level 6. HP: 32/38 MP: 5/5
  3049 | D:4      | Found a burning altar of Makhleb.
  3049 | D:4      | Found a shimmering altar of Xom.
  3430 | D:4      | Found a staircase to the Ecumenical Temple.
  3628 | Temple   | Entered the Ecumenical Temple
  3730 | Temple   | Became a worshipper of Warmaster Okawaru
  3778 | D:5      | Entered Level 5 of the Dungeon
  3899 | D:5      | Noticed a water moccasin
  3907 | D:5      | Slain by a water moccasin

Illustrated notes

Levels and vault maps discovered:
D:1:      erik_arrival_cave_to_civilisation [erik_arrival_cave_to_hall],
          layout_basic
D:2:      layout_basic, basic_altar, ebering_ecumenical_altar_box,
          kennysheep_generic_room_4
D:3:      layout_basic, uniq_jessica
D:4:      layout_gridville, grunt_temple_overflow_champion_of_chaos,
          minmay_temple_entry_antechambers
D:5:      layout_cave_pods
Temple:   regret_index_temple_sphere_string

Skill      XL: |  1  2  3  4  5  6 |
---------------+-------------------+-----
Axes           | 2 3 4 |  4.2
Fighting       | 4 |  4.5
Armour         | 4 |  4.6
Evocations     | 1 2 |  2.0
Shields        | 4 |  4.0
Stealth        | |  0.2
Invocations    | |  0.9

Action                   |  1- 3 |  4- 6 || total
-------------------------+-------+-------++-------
Melee: War axe           |    72 |   145 ||   217
  Use: Scroll            |     2 |     2 ||     4
       Potion            |       |     5 ||     5
Armor: Scale mail        |    52 |    78 ||   130
Dodge: Dodged            |    31 |    75 ||   106
Block: Buckler           |    13 |    46 ||    59

Table legend: (Time is in decaauts)
 A = Elapsed time spent in this place.
 B = Non-inter-level travel time spent in this place.
 C = Inter-level travel time spent in this place.
 D = Time resting spent in this place.
 E = Time spent auto-exploring this place.
 F = Levels seen in this place.
 G = Mean time per level.
                   A        B        C        D        E       F      G
               +--------+--------+--------+--------+--------+-----+--------+
         Total |   4006 |   3908 |     98 |    188 |   2895 |   6 |  667.7 |
       Dungeon |   3874 |   3789 |     85 |    188 |   2814 |   5 |  774.8 |
        Temple |    131 |    118 |     13 |      0 |     81 |   1 |  131.0 |
               +--------+--------+--------+--------+--------+-----+--------+

Top non-repeatable levels by time:
     D:2: 1084 daAuts
     D:1: 1012 daAuts
     D:4: 893 daAuts
     D:3: 747 daAuts
     D:5: 137 daAuts
  Temple: 131 daAuts
